 Dungeon Crawl Stone Soup version 0.31.0-32-g396128a36d (webtiles) character file.

Game seed: 5930726950950081742

94 gohu the Magician (level 4, -3/46 HPs)
             Began as a Djinni Fire Elementalist on Mar 17, 2024.
             Slain by a goblin
             ... wielding a +0 club
             ... led by Robin
              (5 damage)
             ... on level 3 of the Dungeon.
             The game lasted 00:04:07 (1734 turns).

gohu the Magician (Djinni Fire Elementalist)        Turns: 1734, Time: 00:04:07

Health: -3/46      AC:  6    Str:  7    XL:     4   Next: 94%
Gold:   153        EV: 11    Int: 19    God:
                   SH:  0    Dex: 13

rFire   + + +        (no weapon)
rCold   . . .        (no shield)
rNeg    . . .        i - +3 leather armour
rPois   ∞            (no helmet)
rElec   +            (no cloak)
rCorr   +            (no gloves)
SInv    .            (boots unavailable)
Will    +....        (no amulet) Stlth
                     (no ring)
HPRegen 0.27/turn    (no ring)
MPRegen 0.00/turn

%: clarity, infuse magic (-4 HP)
@: mighty, berserking, resistant, enlightened, flying, very slightly
contaminated, very quick
A: sickness immunity, fire resistance 2, cold vulnerability 1, float, innate
caster, HP casting, extra vitality 1, clarity
a: no special abilities


You were on level 3 of the Dungeon.
You visited 1 branch of the dungeon, and saw 3 of its levels.

You collected 153 gold pieces.

Inventory:

Armour
 a - a +0 robe
 i - a +3 leather armour (worn)
Wands
 o - a wand of iceblast (11)
Scrolls
 b - 2 scrolls of teleportation {unknown}
 d - a scroll of blinking {unknown}
 h - a scroll of identify {unknown}
 k - a scroll of noise {unknown}
Potions
 c - a potion of mutation
 g - a potion of degeneration {unknown}
 j - a potion of enlightenment
 l - a potion of might
 m - a potion of haste {unknown}
 n - 2 potions of lignification {unknown}
 p - a potion of ambrosia {unknown}


   Skills:
 + Level 1.3 Armour
 - Level 2.1 Dodging
 - Level 1.5 Stealth
 * Level 4.3 Spellcasting
 * Level 4.3 Conjurations
 * Level 4.3 Hexes
   Level 0.0 Charms
 * Level 4.3 Summonings
 * Level 4.3 Necromancy
 * Level 4.3 Translocations
   Level 0.0 Transmutations
 * Level 4.3 Fire Magic
 * Level 4.3 Ice Magic
 * Level 4.3 Air Magic
 * Level 4.3 Earth Magic
 * Level 4.3 Alchemy


You knew the following spells:

 Your Spells              Type           Power      Damage    Failure   Level
a - Foxfire               Conj/Fire      80%        2x1d8     3%          1
b - Scorch                Fire           40%        2d6       4%          2
c - Volatile Blastmotes   Fire/Tloc      40%        2d13      10%         3
d - Inner Flame           Hex/Fire       20%        N/A       10%         3
e - Flame Wave            Conj/Fire      20%        2d7       32%         4
f - Shock                 Conj/Air       80%        1d8       3%          1
Your spell library was empty.

Dungeon Overview and Level Annotations

Branches:
Dungeon (3/15)

Altars:
Okawaru

Annotations:
D:3 Robin


Innate Abilities, Weirdness & Mutations

You are immune to sickness and miasma.
You are immune to poison.
Your flesh is very heat resistant. (rF++)
You are vulnerable to cold. (rC-)
You float through the air rather than walking.
You learn spells naturally, not from books.
Your magical power is your life essence.
You have superior vitality. (+4 MHP)
You possess an exceptional clarity of mind.


Message History

The foxfire hits the goblin.
The goblin is moderately wounded.
Casting: Foxfire (safe; 3% risk of failure)
Confirm with . or Enter, or press ? or * to list all spells.
You conjure some foxfire!
* * * LOW HITPOINT WARNING * * *
The goblin misses you.
The foxfire hits Robin.
Robin is moderately wounded.
The goblin closely misses you.
The foxfire hits the goblin.
The goblin is severely wounded.
The goblin hits you but does no damage. x2
It was a potion of enlightenment.
You feel more buoyant. The goblin barely misses you.
Robin roars a battlecry!
The goblins go into a battle-frenzy!
The goblin hits you but does no damage.
Casting: Foxfire (safe; 3% risk of failure)
Confirm with . or Enter, or press ? or * to list all spells.
You miscast Foxfire.
Nothing appears to happen.
* * * LOW HITPOINT WARNING * * *
The goblin misses you. Robin hits you with a +0 club.
* * * LOW HITPOINT WARNING * * *
The goblin hits you but does no damage.
It was a potion of might.
You feel very mighty all of a sudden. The goblin hits you but does no damage.
Robin hits you with a +0 club.
* * * LOW HITPOINT WARNING * * *
The goblin hits you with a +0 dagger.
* * * LOW HITPOINT WARNING * * *
It was a potion of resistance.
You feel protected. The goblin closely misses you.
Robin hits you but does no damage. The goblin closely misses you.
It was a potion of berserk rage.
A red film seems to cover your vision as you go berserk!
You feel yourself moving faster!
You feel mighty! The goblin hits you with a +0 club.
You die...

#......######.#
###.##.# ###.#
#.##.# #...#
..######.##.#
#.###
...:.....##.#
#.#
............#
#.#
.##......####
#.# #.##...#
#.# # #gg@# #.#
#. #.gg# #.# #.
#..g#### #.# #.
#......# #.#
#.##..###.# #.#
#.#.....#.# #.#
#.#.....#.# #.#
#.#...#.#g# #.#
##g....g.#g#
#.#


You could see Robin, 2 hobgoblins and 2 goblins.

Vanquished Creatures
  Ijyb (D:3)
  A ribbon worm (D:2)
  A dart slug (D:3)
  7 endoplasms
  2 giant cockroaches (D:2)
  10 goblins
  6 hobgoblins
  6 jackals (D:1)
  2 quokkas (D:1)
  5 ball pythons
  4 bats
  5 frilled lizards
  6 kobolds
  A rat (D:2)
57 creatures vanquished.

Vanquished Creatures (others)
  140 foxfires
140 creatures vanquished.

Grand Total: 197 creatures vanquished

Notes
Turn   | Place    | Note
-------+----------+-------------------------------------------
     0 | D:1      | gohu the Djinni Fire Elementalist began the quest for the
                  | Orb.
     0 | D:1      | gohu set off with the following spells memorised: Foxfire,
                  | Scorch, Volatile Blastmotes, Inner Flame, Flame Wave.
     0 | D:1      | Reached XP level 1. HP: 15/15 MP: 0/0
   177 | D:1      | Reached XP level 2. HP: 18/21 MP: 0/0
   533 | D:1      | Reached XP level 3. HP: 22/25 MP: 0/0
   533 | D:1      | Learned a level 1 spell: Shock
   948 | D:2      | Identified the +2 ring mail of Loisk {Will+ Str+3 Dex-3}
  1132 | D:2      | Found an iron altar of Okawaru.
  1165 | D:2      | Reached XP level 4. HP: 27/31 MP: 0/0
  1433 | D:3      | Noticed Ijyb
  1438 | D:3      | Killed Ijyb
  1439 | D:3      | Reached skill level 1 in Armour
  1702 | D:3      | Noticed Robin
  1719 | D:3      | Gained mutation: You possess an exceptional clarity of
                  | mind. [potion of mutation]
  1732 | D:3      | HP: 1/31 [goblin/+0 dagger[Robin] (2)]
  1734 | D:3      | Slain by a goblin

Illustrated notes

Levels and vault maps discovered:
D:1:      minmay_arrival_diagonal_passages, layout_loops_ring
D:2:      layout_rooms, basic_altar, chequers_serial_rivers_room_a,
          hangedman_decor_growths, st_stairs_12
D:3:      minmay_chambers_of_twos, layout_loops_ring, cheibrodos_gnoll_hut,
          uniq_ijyb, uniq_robin, uniq_sigmund

Skill      XL: |  1  2  3  4 |
---------------+-------------+-----
Spellcasting   | 4 |  4.3
Conjurations   | 4 |  4.3
Hexes          | 4 |  4.3
Summonings     | 4 |  4.3
Necromancy     | 4 |  4.3
Translocations | 4 |  4.3
Fire Magic     | 4 |  4.3
Ice Magic      | 4 |  4.3
Air Magic      | 4 |  4.3
Earth Magic    | 4 |  4.3
Alchemy        | 4 |  4.3
Armour         | 1 |  1.3
Dodging        | |  2.1
Stealth        | |  1.5

Action                     |  1- 3 |  4- 6 || total
---------------------------+-------+-------++-------
   Cast: Foxfire           |    63 |    22 ||    85
         Scorch            |     4 |     5 ||     9
    Use: Potion            |       |     5 ||     5
 Armour: Leather armour    |     1 |    24 ||    25
  Dodge: Dodged            |     5 |    13 ||    18
